[Event "32nd Panamerican Youth 2022"]
[Site "Montevideo"]
[Date "2022.07.01"]
[Round "8.10"]
[White "Garzon Camelo, Andres Santiago"]
[Black "Hebbar, Eshaan"]
[Result "1-0"]
[ECO "C54"]
[WhiteElo "1824"]
[BlackElo "1860"]
[Annotator "NA RC"]
[PlyCount "146"]
[EventDate "2022.06.26"]
[EventType "swiss"]
[EventCountry "URU"]
[SourceTitle "playchess.com"]
[Source "ChessBase"]
[SourceQuality "1"]
[TimeControl "5400+30"]

1. e4 e5 2. Nf3 Nc6 3. Bc4 Bc5 4. c3 Nf6 5. d3 d6 6. O-O h6 7. a4 a6 8. Ba2 O-O 9. Nbd2 Ba7 10. h3 Ne7 11. Re1 Ng6 12. Nf1 c6 13. d4 Qc7 14. Ng3 Re8 15. Be3 exd4 16. Bxd4 Bxd4 17. Qxd4 Be6 18. Bxe6 Rxe6 19. Re3 Rae8 20. Rae1 c5 21. Qd3 Qc6 22. b3 Nf4 23. Qc2 g6 24. c4 Nd7 25. Ne2 Nxe2+ 26. R3xe2 Nf6 27. Nd2 Qc7 28. Qd3 Qe7 29. f4 Nh5 $1 30. g3 f5 31. e5 dxe5 32. Rxe5 Rxe5 33. Rxe5 Rd8 34. Qe3 Qd7 (34... Qd6 $1 $11 {remains equal.}) 35. Rd5 Re8 36. Qxc5 ({Of course not} 36. Rxd7 Rxe3 37. g4 Nxf4 38. gxf5 Nxh3+ 39. Kf1 g5 40. Rxb7 Nf4 $15) 36... Qg7 37. Nf1 Qa1 ({Black should play} 37... Nf6 $14) 38. Qd4 Qxd4+ 39. Rxd4 Nf6 40. Nd2 Kg7 41. Rd6 (41. Kf2 $142) 41... Re7 (41... Re3 $16 {might work better.}) 42. Rb6 Rc7 43. Nf3 Ne4 (43... Nd7 $16 44. Rd6 Nc5) 44. Kg2 Re7 45. Ne5 g5 46. b4 gxf4 47. gxf4 Rc7 48. c5 a5 49. c6 bxc6 50. bxa5 Nc5 51. Rb4 Na6 52. Rb6 $2 (52. Rb1 $18) 52... Nc5 53. Nxc6 Nxa4 54. Nd4 Nxb6 55. Ne6+ Kf6 56. Nxc7 Nc8 57. Nb5 Ke6 58. Kg3 Kf6 59. a6 Nb6 60. Nc7 $18 Nc8 61. Nb5 $2 (61. Nd5+ $18 Ke6 62. Ne3) 61... Nb6 $1 62. Kf3 Ke6 63. Ke3 (63. Nd4+ $142 Kd7 64. Nxf5) 63... h5 64. Kd4 h4 65. Kc5 Nd7+ 66. Kb4 Kd5 67. a7 Nb6 68. Ka5 Kc6 69. Ka6 Na8 70. Nd4+ Kc7 71. Nxf5 Kc6 72. Nd4+ Kc7 73. f5 Kc8 1-0

[Event "32nd Panamerican Youth 2022"]
[Site "Montevideo"]
[Date "2022.07.01"]
[Round "8.11"]
[White "Marrujo Pardo, Mauricio Emmanuel"]
[Black "Bazan, Octavio Aaron"]
[Result "1-0"]
[ECO "A45"]
[WhiteElo "2049"]
[BlackElo "1607"]
[Annotator "RC"]
[PlyCount "67"]
[EventDate "2022.06.26"]
[EventType "swiss"]
[EventCountry "URU"]
[SourceTitle "playchess.com"]
[Source "ChessBase"]
[SourceQuality "1"]
[TimeControl "5400+30"]

1. d4 Nf6 2. Bf4 d5 3. e3 c5 4. Nf3 Nc6 5. Nbd2 e6 6. c3 Bd6 7. Bg3 Bxg3 8. hxg3 cxd4 9. exd4 Qd6 10. Bd3 a6 11. Qe2 h6 12. Ne5 Nd7 13. f4 Ndxe5 14. fxe5 Qe7 15. Qg4 g6 16. O-O Bd7 17. Rxf7 Qxf7 18. Bxg6 Qxg6 19. Qxg6+ Kd8 20. Nb3 b6 21. Rf1 Kc7 22. Rf7 Rae8 23. Qg7 Nb8 24. c4 dxc4 25. Nd2 Rhg8 26. Qxh6 b5 27. Ne4 Rh8 28. Qe3 Ref8 29. Rxf8 Rxf8 30. Nf6 Nc6 31. d5 exd5 32. Nxd5+ Kd8 33. e6 Re8 34. Qb6+ 1-0

[Event "32nd Panamerican Youth 2022"]
[Site "Montevideo"]
[Date "2022.07.01"]
[Round "8.12"]
[White "Paris, Adolfo"]
[Black "Mercado Diaz, Fabricio Edwin"]
[Result "1/2-1/2"]
[ECO "A37"]
[WhiteElo "1640"]
[BlackElo "1549"]
[Annotator "NA RC"]
[PlyCount "141"]
[EventDate "2022.06.26"]
[EventType "swiss"]
[EventCountry "URU"]
[SourceTitle "playchess.com"]
[Source "ChessBase"]
[SourceQuality "1"]
[TimeControl "5400+30"]

1. c4 c5 2. g3 g6 3. Bg2 Bg7 4. Nf3 Nc6 5. Nc3 e5 6. d3 Nge7 7. O-O O-O 8. Rb1 Rb8 9. a3 a5 10. b3 d6 11. Bb2 h6 12. Qd2 Be6 13. e4 f5 14. Nd5 Bxd5 15. exd5 Nd4 16. b4 axb4 17. axb4 b6 18. Nxd4 cxd4 19. Ra1 Qc7 20. Ra6 Ra8 21. Rfa1 Rxa6 22. Rxa6 Qb7 23. b5 Ra8 24. Qb4 Nc8 25. Qa4 Ra7 26. Bh3 Kf7 27. Kf1 Kf6 28. f4 exf4 29. gxf4 Kf7 30. Bg2 Qc7 31. Qa1 Qb7 32. Bf3 h5 33. Kf2 Bf6 34. Be2 Bh4+ 35. Kf1 Bf6 36. Ke1 Bg7 37. Kd1 Bh8 38. Bf3 Bg7 39. Kc2 Bh8 40. Kb3 Bg7 41. Bxd4 Bxd4 42. Rxa7 Qxa7 43. Qxd4 Qe7 44. Qf2 Qe8 45. h4 Qe7 46. Bd1 Kg7 47. Kc3 Qa7 48. Bb3 Qa1+ 49. Kc2 Qh1 50. d4 Na7 51. c5 bxc5 52. b6 Nb5 53. b7 Qa1 54. b8=Q Qc3+ 55. Kb1 Qxb3+ 56. Qb2 Nc3+ 57. Ka1 Qd1+ 58. Qb1 Qxb1+ 59. Qxb1 Nxb1 60. Kxb1 Kf7 61. Kc2 Ke7 62. Kc3 cxd4+ 63. Kxd4 Kd7 64. Kd3 Kc8 65. Kc3 Kb7 66. Kb3 Kb8 67. Kb2 Kc8 68. Kc2 Kb7 69. Kb3 Ka6 70. Ka4 Ka7 71. Ka5 1/2-1/2

[Event "32nd Panamerican Youth 2022"]
[Site "Montevideo"]
[Date "2022.07.01"]
[Round "8.13"]
[White "Chen, Rachel Ruoxuan"]
[Black "Diaz Bartolo, Elizabeth Schahrazad"]
[Result "1-0"]
[ECO "B06"]
[WhiteElo "1614"]
[BlackElo "1603"]
[Annotator "NA RC"]
[PlyCount "103"]
[EventDate "2022.06.26"]
[EventType "swiss"]
[EventCountry "URU"]
[SourceTitle "playchess.com"]
[Source "ChessBase"]
[SourceQuality "1"]
[TimeControl "5400+30"]

1. e4 g6 2. d4 Bg7 3. Nf3 d6 4. Bc4 c6 5. O-O Nf6 6. Qe2 b5 7. Bb3 O-O 8. e5 Nd5 9. Re1 dxe5 10. dxe5 Bg4 11. h3 Bxf3 12. Qxf3 e6 13. a4 Nd7 14. axb5 Nxe5 15. Qg3 Qc7 16. Bd2 cxb5 17. Nc3 Ne7 18. Nxb5 Qd7 19. Bc3 Nf5 20. Qf4 Qxb5 21. Bxe5 Bxe5 22. Rxe5 Qb6 23. Re4 Rfd8 24. Rb4 Qc5 25. Rb7 a5 26. Qc7 Qxc7 27. Rxc7 Nd4 28. Ba4 Rdc8 29. Rxc8+ Rxc8 30. c3 Ne2+ 31. Kf1 Nf4 32. Bb5 Rd8 33. g3 Nxh3 34. Ke2 Ng5 35. Rxa5 Ne4 36. Ke3 Nd6 37. Bd3 Rb8 38. b4 Kf8 39. b5 e5 40. c4 Nb7 41. Ra6 Nc5 42. Rc6 Nd7 43. c5 f5 44. Rc7 Nf6 45. Kd2 Ke8 46. b6 Kd8 47. Rf7 Ne8 48. Bb5 Ra8 49. b7 Ra2+ 50. Kc3 Nd6 51. b8=Q+ Nc8 52. Qc7# 1-0

[Event "32nd Panamerican Youth 2022"]
[Site "Montevideo"]
[Date "2022.07.01"]
[Round "8.14"]
[White "Wilson, Hannah"]
[Black "Da Cunha, Gabriela Goes"]
[Result "0-1"]
[ECO "A50"]
[WhiteElo "1556"]
[BlackElo "1719"]
[Annotator "NA RC"]
[PlyCount "37"]
[EventDate "2022.06.26"]
[EventType "swiss"]
[EventCountry "URU"]
[SourceTitle "playchess.com"]
[Source "ChessBase"]
[SourceQuality "1"]
[TimeControl "5400+30"]

1. d4 Nf6 2. c4 b6 3. Nc3 Bb7 4. Qc2 e6 5. Nf3 Bb4 6. Bg5 h6 7. Bh4 g5 8. Bg3 Ne4 9. a3 Bxc3+ 10. bxc3 Nxg3 11. hxg3 f5 12. g4 Qf6 13. gxf5 exf5 14. Qd2 Nc6 15. Qe3+ Ne7 16. Ne5 d6 17. Nd3 O-O 18. a4 Nc6 19. Qd2 0-1

[Event "32nd Panamerican Youth 2022"]
[Site "Montevideo"]
[Date "2022.07.01"]
[Round "8.15"]
[White "Salazar Salinas, Maria Jose"]
[Black "Adam, Ernestina"]
[Result "0-1"]
[ECO "A45"]
[WhiteElo "1449"]
[BlackElo "1723"]
[Annotator "NA RC"]
[PlyCount "62"]
[EventDate "2022.06.26"]
[EventType "swiss"]
[EventCountry "URU"]
[SourceTitle "playchess.com"]
[Source "ChessBase"]
[SourceQuality "1"]
[TimeControl "5400+30"]

1. d4 Nf6 2. Nc3 d5 3. Bf4 g6 4. h3 Bg7 5. g4 c5 6. e3 O-O 7. Bg2 Be6 8. Nge2 Nc6 9. Ng3 cxd4 10. exd4 Qb6 11. g5 Nd7 12. O-O Qxb2 13. Nxd5 Bxd5 14. Bxd5 Nb6 15. Bxc6 bxc6 16. Be3 Rad8 17. Qf3 Bxd4 18. Bxd4 Qxd4 19. Qxc6 Qh4 20. Qe4 Qxg5 21. h4 Qf6 22. Rae1 e6 23. Qh1 Nc4 24. Rd1 Nd2 25. Rxd2 Rxd2 26. Ne4 Qf4 27. Nxd2 Qxd2 28. Qb7 Qxc2 29. Qxa7 Qe4 30. Qe7 Qg4+ 31. Kh1 Rc8 0-1

[Event "32nd Panamerican Youth 2022"]
[Site "Montevideo"]
[Date "2022.07.01"]
[Round "8.16"]
[White "Norabuena Ticona, Gabriela Paola"]
[Black "Brito Carrascal, Isabela"]
[Result "0-1"]
[ECO "A05"]
[WhiteElo "1410"]
[BlackElo "1599"]
[Annotator "NA RC"]
[PlyCount "172"]
[EventDate "2022.06.26"]
[EventType "swiss"]
[EventCountry "URU"]
[SourceTitle "playchess.com"]
[Source "ChessBase"]
[SourceQuality "1"]
[TimeControl "5400+30"]

1. Nf3 Nf6 2. c4 e6 3. e3 b6 4. d4 Bb7 5. Nc3 Bb4 6. a3 Bxc3+ 7. bxc3 Ne4 8. Bb2 O-O 9. Be2 d6 10. O-O Nd7 11. a4 a5 12. Qc2 f5 13. Rad1 Rf6 14. d5 e5 15. Ba3 Bc8 16. Nd2 Rh6 17. f3 Nxd2 18. Qxd2 Qh4 19. h3 Nf6 20. Bd3 Nh5 21. Qf2 Ng3 22. Rfe1 Ba6 23. Kh2 Rg6 24. e4 f4 25. c5 Bxd3 26. Rxd3 dxc5 27. c4 Qe7 28. Red1 Rd6 29. Bb2 Nh5 30. Bc3 Qe8 31. Qc2 Nf6 32. Ra1 Nd7 33. Rad1 Qe7 34. Qb2 g5 35. Qf2 Rf8 36. g4 fxg3+ 37. Qxg3 Rg6 38. Rg1 Rf7 39. Qf2 Qf6 40. Bd2 Qg7 41. Rg3 Qf6 42. Qg2 Rfg7 43. Bc1 Nf8 44. Rd1 h6 45. Rg1 c6 46. Qd2 Qd6 47. Rd1 Rd7 48. Bb2 Rgg7 49. Qc3 Ng6 50. Rg2 Rde7 51. Rgd2 Nf4 52. Kg3 cxd5 53. exd5 Qd7 54. Rh2 Qxa4 55. Re1 Ng6 56. Rd2 Qd7 57. Rde2 Qd6 58. Re4 Rgf7 59. Qe3 Rf5 60. Kg4 Qf6 61. d6 Rd7 62. Bxe5 Nxe5+ 63. Rxe5 Rxe5 64. Qxe5 Qxe5 65. Rxe5 Rxd6 66. Kh5 Kf7 67. Rf5+ Ke6 68. Rf8 Ke5 69. Re8+ Re6 70. Rxe6+ Kxe6 71. Kxh6 a4 72. Kxg5 a3 73. h4 a2 74. h5 a1=Q 75. h6 Qh8 76. Kg6 Ke5 77. h7 Kd4 78. f4 Kxc4 79. f5 Kd5 80. f6 Ke6 81. f7 Ke7 82. Kg5 Kxf7 83. Kh6 Kf6 84. Kh5 Kf5 85. Kh6 c4 86. Kh5 Qxh7# 0-1

[Event "32nd Panamerican Youth 2022"]
[Site "Montevideo"]
[Date "2022.07.01"]
[Round "8.17"]
[White "Zacarias Rodriguez, Santiago"]
[Black "Parra Gonzales, Andre Leonardo"]
[Result "1-0"]
[ECO "B41"]
[WhiteElo "2075"]
[BlackElo "1844"]
[Annotator "RC"]
[PlyCount "133"]
[EventDate "2022.06.26"]
[EventType "swiss"]
[EventCountry "URU"]
[SourceTitle "playchess.com"]
[Source "ChessBase"]
[SourceQuality "1"]
[TimeControl "5400+30"]

1. e4 c5 2. Nf3 e6 3. d4 cxd4 4. Nxd4 a6 5. c4 Nf6 6. Nc3 Bb4 7. Qd3 Qc7 8. a3 Bxc3+ 9. Qxc3 O-O 10. f3 d5 11. exd5 exd5 12. Be2 dxc4 13. Qxc4 Qxc4 14. Bxc4 b5 15. Ba2 Bb7 16. Bg5 Nbd7 17. O-O-O Rac8+ 18. Kb1 Rc5 19. Bf4 Re8 20. Rhe1 Nb6 21. Rxe8+ Nxe8 22. Nb3 Rc8 23. Na5 Ba8 24. Be3 Nc4 25. Nxc4 bxc4 26. Rd4 Nf6 27. Bxc4 Re8 28. Bg5 Bc6 29. Bxf6 Re1+ 30. Ka2 gxf6 31. Bxa6 Re5 32. Bc4 Rg5 33. Rd2 Rc5 34. Kb3 h5 35. Kb4 Rf5 36. Rd6 Be8 37. Rd5 Rf4 38. Kc5 h4 39. h3 Bc6 40. Rd4 Rxd4 41. Kxd4 Kg7 42. Kc5 Bd7 43. b4 Kg6 44. b5 Bc8 45. b6 Kg5 46. Kc6 Kf4 47. Kc7 Bb7 48. Kxb7 Kg3 49. Kc7 Kxg2 50. b7 Kxh3 51. b8=Q Kh2 52. Qb2+ Kg3 53. Qxf6 h3 54. Qg5+ Kf2 55. Qh4+ Kg2 56. Qg4+ Kf2 57. Qxh3 f5 58. Qxf5 Ke3 59. Qe4+ Kf2 60. Qe2+ Kg3 61. Qe5+ Kf2 62. Qf4 Kg2 63. Bf1+ Kf2 64. Qd2+ Kg3 65. Qe3 Kh4 66. Qg1 Kh5 67. Bd3 1-0

[Event "32nd Panamerican Youth 2022"]
[Site "Montevideo"]
[Date "2022.07.01"]
[Round "8.18"]
[White "Caceres Sandoval, Eduardo"]
[Black "Ticona Rocabado, Licael Roderick"]
[Result "0-1"]
[ECO "C02"]
[WhiteElo "1677"]
[BlackElo "2203"]
[Annotator "RC"]
[PlyCount "169"]
[EventDate "2022.06.26"]
[EventType "swiss"]
[EventCountry "URU"]
[SourceTitle "playchess.com"]
[Source "ChessBase"]
[SourceQuality "1"]
[TimeControl "5400+30"]

1. e4 e6 2. d4 d5 3. e5 c5 4. c3 Nc6 5. Nf3 Nge7 6. Na3 Nf5 7. Nc2 cxd4 8. cxd4 Bd7 9. Bd3 Nb4 10. Nxb4 Bxb4+ 11. Bd2 Qb6 12. Bxb4 Qxb4+ 13. Qd2 Qb6 14. Bxf5 exf5 15. O-O O-O 16. Rac1 Rac8 17. Rxc8 Rxc8 18. Rc1 Rxc1+ 19. Qxc1 h6 20. h4 Be6 21. Qc3 Qb5 22. Qc2 a5 23. b3 b6 24. Qc3 Kh7 25. Qd2 Bc8 26. Qc2 Be6 27. Qd2 Kg8 28. Qc2 Qb4 29. Qd2 Qa3 30. Qc2 Kh7 31. Ne1 Qb4 32. Nf3 Kg8 33. Qd2 Qe7 34. g3 Bc8 35. Ne1 Ba6 36. Nc2 Qe6 37. f4 Qg6 38. Kg2 Qh5 39. Kf2 Qg4 40. Ne3 Qh3 41. Ng2 Kh7 42. Qe3 Bb5 43. a4 Ba6 44. Qd2 Kg8 45. Qe3 Kf8 46. Kg1 Qg4 47. Kh2 Qd1 48. Qc3 Kg8 49. Qe3 Bd3 50. Ne1 Be4 51. Kg1 Qa1 52. Kf1 Qb2 53. Kg1 Kh7 54. Kf1 Kg6 55. Kg1 Kh5 56. Nf3 Qc2 57. Ne1 Qb2 58. Nf3 Qb1+ 59. Ne1 Qd1 60. Kf2 Kg4 61. Qc3 Qb1 62. Qd2 Kh5 63. Qe2+ Kg6 64. Qe3 Qb2+ 65. Kg1 Qa3 66. Nf3 Bxf3 67. Qxf3 Qa1+ 68. Kh2 Qxd4 69. g4 Qd2+ 70. Kh3 d4 71. h5+ Kh7 72. gxf5 Qc2 73. f6 gxf6 74. Qd5 Qf5+ 75. Kg3 fxe5 76. fxe5 d3 77. Qd4 d2 78. Qxd2 Qxe5+ 79. Kg4 Qe6+ 80. Kf4 Qxb3 81. Kf5 Qxa4 82. Kf6 Qh4+ 83. Kxf7 Qxh5+ 84. Kf8 Qf5+ 85. Ke8 0-1

[Event "32nd Panamerican Youth 2022"]
[Site "Montevideo"]
[Date "2022.07.01"]
[Round "8.19"]
[White "Azher, Hossain"]
[Black "Caceres Benitez, Arturo Eduardo"]
[Result "0-1"]
[ECO "E08"]
[WhiteElo "1406"]
[BlackElo "1570"]
[Annotator "NA RC"]
[PlyCount "81"]
[EventDate "2022.06.26"]
[EventType "swiss"]
[EventCountry "URU"]
[SourceTitle "playchess.com"]
[Source "ChessBase"]
[SourceQuality "1"]
[TimeControl "5400+30"]

1. d4 Nf6 2. Nf3 e6 3. g3 d5 4. c4 c6 5. Qc2 Be7 6. Bg2 O-O 7. O-O Nbd7 8. b3 Ne4 9. Nbd2 f5 10. Bb2 Bd6 11. Ne5 Nxe5 12. dxe5 Be7 13. Rad1 Qe8 14. e3 a5 15. a3 Qh5 16. Nf3 Bd7 17. Nd4 Ng5 18. c5 b6 19. b4 axb4 20. axb4 bxc5 21. bxc5 Ra5 22. Nb3 Ra4 23. Rd4 Rfa8 24. Ra1 Rxa1+ 25. Bxa1 Nf3+ 26. Bxf3 Qxf3 27. Rf4 Qh5 28. Rb4 Ra7 29. Rb8+ Kf7 30. Bc3 Qg4 31. Rb4 Qh3 32. Bd2 Bc8 33. Qc1 Ra2 34. Rb8 Ba6 35. Ra8 Rc2 36. Qe1 Bc4 37. Ra3 Rb2 38. Qd1 d4 39. exd4 Bd3 40. f3 Bc2 41. Bc1 0-1

[Event "32nd Panamerican Youth 2022"]
[Site "Montevideo"]
[Date "2022.07.01"]
[Round "8.20"]
[White "Cabiativa, Juan Esteban"]
[Black "Handsztok, Matias"]
[Result "1-0"]
[ECO "E91"]
[WhiteElo "2019"]
[BlackElo "1944"]
[Annotator "RC"]
[PlyCount "115"]
[EventDate "2022.06.26"]
[EventType "swiss"]
[EventCountry "URU"]
[SourceTitle "playchess.com"]
[Source "ChessBase"]
[SourceQuality "1"]
[TimeControl "5400+30"]

1. c4 Nf6 2. Nf3 g6 3. Nc3 Bg7 4. e4 d6 5. d4 O-O 6. Be2 c5 7. d5 e6 8. h3 Qe7 9. O-O e5 10. Be3 Ne8 11. Qc1 f5 12. Bg5 Nf6 13. exf5 gxf5 14. Re1 a6 15. a4 Qf7 16. Ra3 Ne4 17. Bh6 Nxc3 18. Rxc3 f4 19. Bxg7 Qxg7 20. Nh2 Nd7 21. Bg4 Nf6 22. Bxc8 Raxc8 23. Kh1 Kh8 24. g3 Rce8 25. Nf1 Qh6 26. gxf4 exf4 27. Rxe8 Rxe8 28. Rf3 Re4 29. Nd2 Qh5 30. Rd3 Qe2 31. Qc3 Re5 32. Rf3 Qe1+ 33. Kh2 Kg8 34. Nb3 Qf1 35. Nd2 Qe1 36. Nb3 Qd1 37. Qd3 Qxd3 38. Rxd3 Re2 39. Rd2 f3 40. Rd3 Rxf2+ 41. Kg3 Rxb2 42. Rxf3 Kg7 43. Kf4 Kg6 44. Rg3+ Kf7 45. Rf3 Re2 46. Na5 Re4+ 47. Kg5 h6+ 48. Kf5 Rh4 49. Nxb7 Ne8 50. Nd8+ Kg7 51. Ke6 Rxc4 52. Rg3+ Kf8 53. Rf3+ Kg8 54. Rg3+ Kh8 55. Nf7+ Kh7 56. Nxd6 Nxd6 57. Kxd6 Rxa4 58. Kc7 1-0

[Event "32nd Panamerican Youth 2022"]
[Site "Montevideo"]
[Date "2022.07.01"]
[Round "8.21"]
[White "Beltran Salvador, Milka"]
[Black "Francisco Guecamburu, Candela Be"]
[Result "0-1"]
[ECO "A65"]
[WhiteElo "1694"]
[BlackElo "2240"]
[Annotator "TA"]
[PlyCount "106"]
[EventDate "2022.06.26"]
[EventType "swiss"]
[EventCountry "URU"]
[SourceTitle "playchess.com"]
[Source "ChessBase"]
[SourceQuality "1"]
[TimeControl "5400+30"]

1. d4 Nf6 2. c4 c5 3. d5 e6 4. Nc3 exd5 5. cxd5 d6 6. e4 g6 7. Bd3 Bg7 8. h3 O-O 9. Nf3 a6 10. a4 Nbd7 11. Bg5 h6 {[%emt 0:03:27] A65: Modern Benoni: 6 e4.} 12. Be3 Re8 13. O-O c4 ({Better is} 13... g5 $14) 14. Bc2 $16 (14. Bxc4 $6 Nxe4 15. Nxe4 Rxe4 $14) 14... Qc7 15. Re1 Nc5 16. Bd4 Bd7 17. e5 dxe5 18. Bxe5 {[%emt 0:00:36] [#]} Qb6 $146 (18... Qd8 $142) ({Predecessor:} 18... Qd8 19. Qd4 Rc8 20. Qxc4 Nxa4 21. Qd4 Nxb2 22. Bb3 Bb5 23. Nxb5 Rxe5 24. Nxe5 Nd7 {1-0 (33) Varga,P (2390)-Schroter,T (2280) Zalakaros 1997}) 19. a5 $36 {[%emt 0:03:03][%mdl 2048] Black is under strong pressure.} Qb4 {[%emt 0:16:51] [#]} (19... Qd8 $16) 20. Qd4 $1 $18 Nh5 (20... Qxb2 $2 21. Ra2 (21. Qxc5 Qxc2 22. Rac1 Qf5 $16) (21. Bxf6 Bxf6 22. Qxf6 Qxc2 $11) 21... Nb3 22. Bxb3 Qxb3 23. Rb1 Nxd5 24. Rxb3 Rxe5 25. Nxe5 $18) 21. g4 {[%emt 0:03:20] Against Bf5} Bxe5 $2 (21... f6 22. Bd6 (22. gxh5 fxe5 23. Qd2 e4 $11) 22... Qxb2) 22. Nxe5 Ng7 {[%emt 0:00:22] [#]} (22... Rxe5 $142 23. Qxe5 Ng7) 23. Qf4 (23. Nxf7 $142 $1 Rxe1+ 24. Rxe1) 23... Rxe5 24. Qxe5 Qxb2 (24... Bb5 {was worth a try.} 25. Qd4 Nd7) 25. Na4 $2 (25. Ra2 $18 {is the precise move to win.} Qb4 26. Qd4) 25... Qxe5 $16 26. Rxe5 Bxa4 27. Bxa4 Rd8 28. Bc2 Ne8 29. Rd1 (29. d6 {with more complications.} Ne6 30. d7 Nf6 31. Ba4) 29... Nd6 30. h4 Nd7 31. Re7 Kf8 32. Re3 Rc8 33. h5 gxh5 34. gxh5 (34. Bf5 $14 Rc7 35. Bxd7 Rxd7 36. gxh5) 34... Rc5 $11 35. Ba4 $2 (35. Ra1 $11) 35... Nf6 $19 36. Rf3 Nxd5 37. Bc2 (37. Rh3 {might work better.}) 37... Rxa5 38. Re1 Nb4 39. Bg6 Nc6 40. Rf6 Rd5 {[%emt 0:00:08] Threatens to win with ...Kg7.} 41. Bb1 (41. Ree6 $17 {is the only way for White.}) 41... Kg7 42. Rf4 (42. Rf3 $142) 42... b5 43. Rh4 a5 44. f4 Rd2 45. Rg4+ Kf6 46. Bh7 Nd4 47. Kf1 Nf3 {[%emt 0:00:16] Hoping for ...Nh2+.} 48. Ra1 a4 {[%emt 0:00:57] ...Nf5 is the strong threat.} 49. Rg3 Nd4 {[%emt 0:00:10] aiming for ...N6f5.} 50. Re1 b4 {[%emt 0:00:21] White must now prevent ...a3.} 51. Re5 c3 {[%emt 0:00:55] Strongly threatening ...a3.} 52. Rd5 N4f5 (52... N6f5 $142 53. Rf3 c2) 53. Rxd2 Nxg3+ {Never resign too early!  Weighted Error Value: White=1.08/Black=0.39} 0-1

[Event "32nd Panamerican Youth 2022"]
[Site "Montevideo"]
[Date "2022.07.01"]
[Round "8.22"]
[White "Bravo Mallco, Kate Azumi"]
[Black "Jimenez Salas, Maria Teresa"]
[Result "1-0"]
[ECO "B62"]
[WhiteElo "1958"]
[BlackElo "1750"]
[Annotator "RC"]
[PlyCount "91"]
[EventDate "2022.06.26"]
[EventType "swiss"]
[EventCountry "URU"]
[SourceTitle "playchess.com"]
[Source "ChessBase"]
[SourceQuality "1"]
[TimeControl "5400+30"]

1. e4 c5 2. Nf3 Nc6 3. d4 cxd4 4. Nxd4 Nf6 5. Nc3 d6 6. Bg5 e6 7. Qd3 a6 8. Nxc6 bxc6 9. O-O-O Be7 10. e5 Nd5 11. Bxe7 Qxe7 12. Qg3 dxe5 13. Qxe5 Nxc3 14. Qxc3 O-O 15. Qxc6 Bb7 16. Qd7 Qg5+ 17. Qd2 Qf6 18. f3 Rab8 19. c3 Rfd8 20. Bd3 Bd5 21. Kb1 Bc4 22. Qc2 Bxd3 23. Rxd3 Rxd3 24. Qxd3 Rd8 25. Qc2 h6 26. Rd1 Rxd1+ 27. Qxd1 Qh4 28. Qe2 Qxh2 29. b4 Qd6 30. Kc2 Qc6 31. Kb3 f5 32. a4 Kf7 33. Qe5 Qd7 34. Qe2 Qc6 35. Qd3 g5 36. b5 axb5 37. axb5 Qb7 38. c4 h5 39. c5 g4 40. b6 gxf3 41. Qxf3 Qa6 42. Qxh5+ Ke7 43. Qh7+ Kd8 44. Qc7+ Ke8 45. Qb8+ Kd7 46. Qa7+ 1-0

[Event "32nd Panamerican Youth 2022"]
[Site "Montevideo"]
[Date "2022.07.01"]
[Round "8.23"]
[White "Hernandez Diaz, Paula Sofia"]
[Black "Contreras Huaman, Fiorella"]
[Result "0-1"]
[ECO "A06"]
[WhiteElo "1751"]
[BlackElo "1924"]
[Annotator "RC"]
[PlyCount "64"]
[EventDate "2022.06.26"]
[EventType "swiss"]
[EventCountry "URU"]
[SourceTitle "playchess.com"]
[Source "ChessBase"]
[SourceQuality "1"]
[TimeControl "5400+30"]

1. Nf3 d5 2. c4 c6 3. e3 Nf6 4. Nc3 e6 5. b3 Nbd7 6. Bb2 Bd6 7. Qc2 Qe7 8. Rg1 dxc4 9. Bxc4 b5 10. Be2 Bb7 11. g4 b4 12. Ne4 Nxe4 13. Qxe4 e5 14. h4 O-O-O 15. Rc1 Kb8 16. Qc2 c5 17. d3 e4 18. dxe4 Bxe4 19. Qc4 Nb6 20. Qb5 f6 21. a4 Qb7 22. Nd2 Bc6 23. Qa5 Qd7 24. Rd1 Qe7 25. Qa6 Bh2 26. Rf1 Bb7 27. Qb5 Nd5 28. e4 Nc3 29. Bxc3 bxc3 30. Nc4 Qxe4 31. Qxc5 Rxd1+ 32. Kxd1 Qb1# 0-1

[Event "32nd Panamerican Youth 2022"]
[Site "Montevideo"]
[Date "2022.07.01"]
[Round "8.24"]
[White "Gonzalez Romo, Greshya Jocelyn"]
[Black "Montiel Caceres, Helen"]
[Result "0-1"]
[ECO "B40"]
[WhiteElo "1483"]
[BlackElo "1763"]
[Annotator "NA RC"]
[PlyCount "60"]
[EventDate "2022.06.26"]
[EventType "swiss"]
[EventCountry "URU"]
[SourceTitle "playchess.com"]
[Source "ChessBase"]
[SourceQuality "1"]
[TimeControl "5400+30"]

1. e4 c5 2. Nf3 e6 3. c4 Nc6 4. d4 cxd4 5. Nxd4 Nf6 6. Nc3 Bb4 7. Nxc6 bxc6 8. Bd3 e5 9. O-O O-O 10. Qe2 a5 11. Na4 h6 12. Be3 Bd6 13. Nb6 Rb8 14. Na4 Bc7 15. c5 Rb4 16. Qc2 d5 17. cxd6 Bxd6 18. b3 Qe7 19. Bd2 Rb8 20. Bxa5 Be6 21. Kh1 Nh5 22. Rfd1 Nf4 23. Bf1 Bb4 24. Bxb4 Qxb4 25. Nc5 Rbd8 26. g3 Rxd1 27. Rxd1 Bg4 28. Rc1 Nh3 29. Nd3 Qxe4+ 30. Bg2 Qxd3 0-1

[Event "32nd Panamerican Youth 2022"]
[Site "Montevideo"]
[Date "2022.07.01"]
[Round "8.25"]
[White "Toro, Miguel Angel"]
[Black "Flores Quillas, Diego Saul Rodri"]
[Result "0-1"]
[ECO "B68"]
[WhiteElo "2026"]
[BlackElo "2172"]
[Annotator "RC"]
[PlyCount "64"]
[EventDate "2022.06.26"]
[EventType "swiss"]
[EventCountry "URU"]
[SourceTitle "playchess.com"]
[Source "ChessBase"]
[SourceQuality "1"]
[TimeControl "5400+30"]

1. e4 c5 2. Nf3 d6 3. d4 cxd4 4. Nxd4 Nf6 5. Nc3 Nc6 6. Bg5 e6 7. Qd2 a6 8. O-O-O Bd7 9. f4 Be7 10. Nxc6 Bxc6 11. Qe1 Qc7 12. Kb1 b5 13. Bxf6 gxf6 14. Bd3 Qb6 15. f5 Kd7 16. Ne2 Qc5 17. Ng3 h5 18. h4 Rag8 19. Rh3 Qe5 20. Qf2 Kc7 21. a4 Kb7 22. axb5 axb5 23. Ne2 Qc5 24. Nd4 e5 25. Bxb5 Bxb5 26. Rb3 exd4 27. Rxd4 Rb8 28. Qd2 Ka7 29. Rc3 Qb6 30. Rb4 Rb7 31. Rcb3 Qc5 32. Ra3+ Kb8 0-1

[Event "32nd Panamerican Youth 2022"]
[Site "Montevideo"]
[Date "2022.07.01"]
[Round "8.26"]
[White "Vasquez Vargas, Henry Richard"]
[Black "Reyes Zavaleta, Fabian Ricardo"]
[Result "1-0"]
[ECO "D55"]
[WhiteElo "2067"]
[BlackElo "2055"]
[Annotator "RC"]
[PlyCount "79"]
[EventDate "2022.06.26"]
[EventType "swiss"]
[EventCountry "URU"]
[SourceTitle "playchess.com"]
[Source "ChessBase"]
[SourceQuality "1"]
[TimeControl "5400+30"]

1. d4 d5 2. c4 e6 3. Nf3 Nf6 4. Nc3 Be7 5. Bg5 O-O 6. e3 Ne4 7. Bxe7 Qxe7 8. Nxe4 dxe4 9. Nd2 f5 10. Qc2 c5 11. dxc5 Qxc5 12. O-O-O Nc6 13. Nb3 Qe7 14. c5 Bd7 15. Qc3 Rfd8 16. Bc4 Be8 17. Nd4 Nxd4 18. Rxd4 Rxd4 19. Qxd4 Rc8 20. b4 b6 21. Qe5 Bf7 22. Rd1 bxc5 23. b5 g6 24. a4 Rd8 25. Rxd8+ Qxd8 26. Qxc5 Qa5 27. Bb3 e5 28. Bd1 Qe1 29. Qc2 Qb4 30. Qb2 Qc4+ 31. Kd2 Qf1 32. Be2 Qxf2 33. Qxe5 g5 34. g4 Qg1 35. Qxf5 Qb1 36. Qxg5+ Kf8 37. Qc5+ Ke8 38. Qd4 Kf8 39. Bd1 Qa2+ 40. Bc2 1-0

[Event "32nd Panamerican Youth 2022"]
[Site "Montevideo"]
[Date "2022.07.01"]
[Round "8.27"]
[White "Lavandeira, Juan Bautista"]
[Black "Arias Diaz, Miguel Angel"]
[Result "1/2-1/2"]
[ECO "D80"]
[WhiteElo "1762"]
[BlackElo "1848"]
[Annotator "NA RC"]
[PlyCount "34"]
[EventDate "2022.06.26"]
[EventType "swiss"]
[EventCountry "URU"]
[SourceTitle "playchess.com"]
[Source "ChessBase"]
[SourceQuality "1"]
[TimeControl "5400+30"]

1. d4 Nf6 2. c4 g6 3. Nc3 d5 4. e3 Bg7 5. Qb3 dxc4 6. Bxc4 O-O 7. Nf3 c5 8. Ne5 e6 ({But not} 8... cxd4 9. Nxf7 Qa5 10. exd4 $16) 9. O-O a6 10. a4 Qc7 11. Rd1 Nbd7 12. Nxd7 Bxd7 13. d5 exd5 14. Nxd5 Nxd5 15. Bxd5 Bc6 16. e4 Rad8 $11 17. Bg5 Rd7 1/2-1/2